 Dungeon Crawl Stone Soup version 0.24-b1 (webtiles) character file.

Game seed: 17456883419535229934, levelgen mode: deterministic

135 Arixos the Charmwright (level 5, -3/27 HPs)
             Began as a Vine Stalker Skald on Oct 13, 2019.
             Slain by a river rat (4 damage)
             ... in a sewer.
             The game lasted 00:09:35 (2069 turns).

Arixos the Charmwright (Vine Stalker Skald)         Turns: 2069, Time: 00:09:36

Health: -3/27      AC:  3    Str: 13    XL:     5   Next: 18%
Magic:  0/10       EV: 12    Int: 13    God:
Gold:   72         SH:  0    Dex: 15    Spells: 4/9 levels left

rFire    . . .     SeeInvis .   a - +1 falchion
rCold    . . .     Gourm    .   (no shield)
rNeg     . . .     Faith    .   b - +0 leather armour
rPois    .         Spirit   +   (no helmet)
rElec    .         Reflect  .   (no cloak)
rCorr    .         Harm     .   (no gloves)
MR       .....                  (no boots)
Stlth    ++........             (no amulet)
HPRegen  0.49/turn              (no ring)
MPRegen  0.12/turn              (no ring)

@: very slightly contaminated
A: fangs 2, regeneration 1, magic shield, antimagic bite, no potion heal 3, rot
immunity
a: no special abilities


You were in a sewer.
You were not hungry.

You visited 1 branch of the dungeon, and saw 3 of its levels.
You also visited: Sewer.

You collected 72 gold pieces.

Inventory:

Hand Weapons
 a - a +1 falchion (weapon)
Missiles
 q - 19 poisoned darts (quivered)
Armour
 b - a +0 leather armour (worn)
Jewellery
 j - an uncursed ring of positive energy {unknown}
Wands
 m - a wand of disintegration (20)
Scrolls
 e - a scroll of enchant weapon
 n - a scroll of enchant armour {unknown}
 o - a scroll of teleportation {unknown}
 p - a scroll of fear {unknown}
Potions
 g - a potion of mutation {unknown}
 k - a potion of curing {unknown}
Comestibles
 c - 2 chunks of flesh
 d - 5 rations


   Skills:
 + Level 2.4 Fighting
 + Level 2.2 Long Blades
 + Level 1.4 Armour
 + Level 2.1 Dodging
 + Level 1.9 Stealth
 + Level 2.7 Spellcasting
 + Level 3.4 Charms
 + Level 1.1 Translocations


You had 4 spell levels left.
You knew the following spells:

 Your Spells              Type           Power        Failure   Level  Hunger
a - Song of Slaying       Chrm           ##......     11%         2    ###....
b - Infusion              Chrm           ##..         8%          1    #......
s - Shroud of Golubria    Chrm/Tloc      #.....       19%         2    ###....

Your spell library contained the following spells:

 Spells                   Type           Power        Failure   Level  Hunger
 Regeneration             Chrm/Necr      #.........   41%         3    ###....
 Spectral Weapon          Hex/Chrm       #.......     41%         3    ###....


Dungeon Overview and Level Annotations

Branches:
Dungeon (3/15)              Sewer (1/1)

Altars:


Innate Abilities, Weirdness & Mutations

You have extremely sharp teeth.
Your natural rate of healing is unusually fast.
When hurt, damage is shared between your health and your magic reserves.
Your bite disrupts and absorbs the magic of your enemies.
Potions cannot restore your health.
You are immune to rotting.


Message History

Your shroud unravels.
The river rat bites you. The river rat bites you!
Casting: Song of Slaying (safe; 11% risk of failure)
Confirm with . or Enter, or press ? or * to list all spells.
Space distorts slightly along a thin shroud covering your body.
The river rat closely misses you. x2
You hit the river rat but do no damage. You bite the river rat.
You kill the river rat!
The river rat bites you.
* * * LOW HITPOINT WARNING * * *
You barely miss the river rat.
The river rat is heavily wounded.
The river rat bites you!
* * * LOW HITPOINT WARNING * * *
You hit the river rat. Your bite misses the river rat.
The river rat is heavily wounded.
The river rat bites you.
* * * LOW HITPOINT WARNING * * *
The river rat bites you.
You die...

#.....≈≈≈≈≈≈
....≈.≈≈≈≈≈
#r....≈≈≈≈≈
..r..≈≈≈≈≈
#.r.≈≈≈≈≈≈ ###
....≈≈≈≈≈ #@#
#..≈≈≈≈≈≈
#r###...≈≈≈≈≈
#..#....≈≈≈≈≈
##.....≈≈≈≈≈≈
#.....≈≈≈≈≈.
##....≈.≈≈≈≈
##.....≈≈≈≈.
##.......≈≈≈≈
##.........≈≈≈


You could see a river rat.

Vanquished Creatures
  Natasha (D:2)
  A river rat (Sewer)
  3 adders
  5 worms
  3 dart slugs
  A leopard gecko (D:1)
  An orc (D:3)
  A ball python (D:3)
  6 bats
  5 giant cockroaches
  2 goblins (D:1)
  4 hobgoblins
  2 jackals (D:2)
  2 quokkas
  3 frilled lizards
  4 kobolds
  11 rats
55 creatures vanquished.

Notes
Turn   | Place    | Note
-------+----------+-------------------------------------------
     0 | D:1      | Arixos the Vine Stalker Skald began the quest for the Orb.
     0 | D:1      | Reached XP level 1. HP: 11/11 MP: 4/4
    23 | D:1      | Reached XP level 2. HP: 13/15 MP: 4/6
    27 | D:1      | Learned a level 2 spell: Shroud of Golubria
    52 | D:1      | Reached skill level 1 in Armour
   376 | D:1      | Reached XP level 3. HP: 14/18 MP: 5/7
   382 | D:1      | Reached skill level 1 in Stealth
   641 | D:1      | Learned a level 2 spell: Song of Slaying
  1324 | D:2      | Gained mutation: Your natural rate of healing is unusually
                  | fast. [Vine Stalker growth]
  1324 | D:2      | Reached XP level 4. HP: 18/23 MP: 3/8
  1697 | D:3      | Noticed Natasha
  1795 | D:2      | Killed Natasha
  1795 | D:2      | Reached skill level 1 in Translocations
  1966 | D:3      | Reached XP level 5. HP: 23/27 MP: 5/10
  1993 | D:3      | Found a glowing drain.
  2013 | Sewer    | Entered a sewer
  2068 | Sewer    | HP: 1/27 [river rat (3)]
  2069 | Sewer    | Slain by a river rat

Skill      XL: |  1  2  3  4 |
---------------+-------------+-----
Armour         | 1 |  1.4
Fighting       | 2 |  2.4
Stealth        | 1 |  1.9
Long Blades    | 2 |  2.2
Dodging        | 2 |  2.1
Translocations | 1 |  1.1
Spellcasting   | |  2.7
Charms         | |  3.4

Action                   |  1- 3 |  4- 6 || total
-------------------------+-------+-------++-------
Melee: Falchion          |   111 |    82 ||   193
       Bite              |    27 |    20 ||    47
 Cast: Shroud of Golubri |    10 |    15 ||    25
       Song of Slaying   |       |     1 ||     1
  Use: Scroll            |       |     5 ||     5
 Stab: Sleeping          |     2 |       ||     2
  Eat: Chunk             |     2 |     4 ||     6
Armor: Leather armour    |    33 |    10 ||    43
Dodge: Dodged            |    61 |    39 ||   100
       Rpst.: Falchion   |    21 |     8 ||    29
